 Dungeon Crawl Stone Soup version 0.31-a0-210-gccc998df9b (webtiles) character file.

Game seed: 6460501661107063097

259 qw the Shooter (level 6, -11/37 HPs)
             Began as a Gargoyle Hexslinger on June 29, 2023.
             Mangled by an ogre
             ... wielding a +0 giant spiked club
              (15 damage)
             ... on level 4 of the Dungeon.
             The game lasted 00:01:15 (2383 turns).

qw the Shooter (Gargoyle Hexslinger)                Turns: 2383, Time: 00:01:15

Health: -11/37     AC:  9    Str: 12    XL:     6   Next: 17%
Magic:  7/7        EV: 10    Int: 13    God:
Gold:   132        SH:  0    Dex: 14    Spells: 6/7 levels left

rFire   . . .        Y - +1 sling
rCold   . . .        (no shield)
rNeg    + . .        e - +0 ring mail
rPois   inf          (no helmet)
rElec   +            (no cloak)
rCorr   .            (no gloves)
SInv    .            (no boots)
Will    +....        (no amulet)
Stlth   +            b - ring of willpower
HPRegen 0.26/turn    (no ring)
MPRegen 0.10/turn

%: no passive effects
@: no status effects
A: sickness immunity, AC +4, negative energy resistance 1, electricity
resistance, torment resistance 1, petrification resistance
a: no special abilities


You were on level 4 of the Dungeon.
You visited 1 branch of the dungeon, and saw 5 of its levels.

You collected 132 gold pieces.


Innate Abilities, Weirdness & Mutations

You are immune to sickness and miasma.
Your stone body is resilient. (AC +4)
You are immune to poison.
You resist negative energy. (rN+)
You are resistant to electric shocks. (rElec)
You are resistant to unholy torment.
You are immune to petrification.


   Skills:
 - Level 3.4 Fighting
 + Level 5.3 Ranged Weapons
 - Level 1.0 Armour
 - Level 1.5 Dodging
 - Level 1.0 Spellcasting
 - Level 2.6 Hexes


You had 6 spell levels left.
You knew the following spells:

 Your Spells              Type           Power      Damage    Failure   Level
a - Slow                  Hex            28%        N/A       22%         1

Your spell library contained the following spells:

 Spells                   Type           Power      Damage    Failure   Level
 Inner Flame              Hex/Fire       4%         N/A       73%         3
 Portal Projectile        Hex/Tloc       8%         N/A       73%         3
 Cause Fear               Hex            3%         N/A       91%         4

Inventory:

Hand Weapons
 Y - a +1 sling (weapon)
Armour
 c - a +2 robe of positive energy
 e - a +0 ring mail (worn)
Jewellery
 b - a ring of willpower (left hand)
Scrolls
 h - a scroll of identify
 k - a scroll of brand weapon {unknown}
Potions
 a - a potion of berserk rage {unknown}
 d - a potion of cancellation
 f - a potion of enlightenment {unknown}
 g - a potion of brilliance {unknown}
 i - a potion of haste
 j - a potion of ambrosia {unknown}

Dungeon Overview and Level Annotations

Branches:
Dungeon (5/15)             Temple (0/1) D:4

Altars:


Message History

The gnoll completely misses you. The gnoll hits you with a +0 club.
You shoot a sling bullet.
The sling bullet closely misses the gnoll.
The sling bullet hits the gnoll.
You kill the gnoll!
The gnoll barely misses you. x2; The gnoll hits you with a +0 club.
You shoot a sling bullet. The sling bullet hits the gnoll!
The gnoll is almost dead.
The gnoll misses you. The gnoll barely misses you.
The gnoll hits you with a +0 club.
You shoot a sling bullet.
The sling bullet barely misses the gnoll.
The sling bullet hits the gnoll.
The gnoll is moderately wounded.
The gnoll closely misses you. The gnoll hits you with a +0 club.
The gnoll hits you from afar with a +0 spear.
You shoot a sling bullet.
The sling bullet barely misses the gnoll.
The sling bullet hits the gnoll.
The gnoll is heavily wounded.
The gnoll closely misses you. The gnoll barely misses you.
You shoot a sling bullet.
The sling bullet hits the gnoll but does no damage.
The gnoll is almost dead.
The gnoll hits you but does no damage. The gnoll barely misses you. x2
The gnoll hits you with a +0 club. The gnoll barely misses you.
The gnoll hits you from afar with a +0 spear.
You shoot a sling bullet.
The sling bullet closely misses the gnoll.
The sling bullet hits the gnoll but does no damage.
The gnoll is heavily wounded.
The gnoll hits you but does no damage. The gnoll hits you with a +0 club!
The gnoll hits you from afar with a +0 spear.
You shoot a sling bullet. The sling bullet hits the gnoll.
You kill the gnoll!
The gnoll hits you but does no damage. The gnoll barely misses you.
You shoot a sling bullet. The sling bullet hits the ogre.
The ogre is lightly wounded.
The ogre hits you with a +0 giant spiked club!
You die...

#.#.%###....#####..#####.... ...
##........#.................# #..
.............#######....#...# #..
#......###.#.## #..#.###..###.#
...........#..# #.##..###..#...#
#..........##.###.##...##.....#.#
#......###.......##(...##..(....#
#..##### ####.#..###.>..#...###>.
#..# #.##@# #.....#..##..# #.##
#.##gO#...##........# #.#
..(...g..####......## .#
.......... ##.......
.######...... #.....## #
###......#...>.. ........#....
... .#...


You could see an ogre and 2 gnolls.

Vanquished Creatures
  Blork the orc (D:4)
  A hound (D:4)
  An orc wizard (D:3)
  2 gnolls (D:4)
  5 adders
  A dart slug (D:2)
  7 orcs (D:3)
  6 endoplasms
  A giant cockroach (D:3)
  6 hobgoblins
  A quokka (D:1)
  6 ball pythons
  8 bats
  3 frilled lizards
  4 goblins
  9 kobolds
  5 rats
67 creatures vanquished.

Notes
Turn   | Place    | Note
-------+----------+-------------------------------------------
     0 | D:1      | qw the Gargoyle Hexslinger began the quest for the Orb.
     0 | D:1      | Reached XP level 1. HP: 12/12 MP: 2/2
     0 | D:1      | 0 ||| qw: Version: 0.3-a-24-ga2abf7b
     0 | D:1      | 0 ||| qw: Game counter: 6996
     0 | D:1      | 0 ||| qw: Melee chars always use a shield: true
     0 | D:1      | 0 ||| qw: God list: Okawaru
     0 | D:1      | 0 ||| qw: Allow faded altars: false
     0 | D:1      | 0 ||| qw: Do Orc after clearing Dungeon:15 true
     0 | D:1      | 0 ||| qw: Do second Lair branch before Depths: true
     0 | D:1      | 0 ||| qw: Lair rune preference: random
     0 | D:1      | 0 ||| qw: Goals: Normal
     0 | D:1      | 0 ||| PLANNING D:1-11
    90 | D:1      | 90 ||| FLEEEEING.
    91 | D:1      | 91 ||| FLEEEEING.
   259 | D:1      | Reached XP level 2. HP: 11/16 MP: 3/3
   357 | D:1      | HP: 2/16 [frozen (3)]
   359 | D:1      | Reached skill level 3 in Ranged Weapons
   816 | D:1      | Reached XP level 3. HP: 21/21 MP: 4/4
   830 | D:1      | 830 ||| UPGRADING to +0 ring mail.
   840 | D:1      | 840 ||| DROPPING +0 robe.
   841 | D:1      | 841 ||| READING scroll labelled JINOSS JOIP.
   842 | D:1      | 842 ||| READING 2 scrolls labelled ATUUCA PISIXY.
   843 | D:1      | 843 ||| READING scroll labelled VAABRO EFESIY.
   944 | D:1      | 944 ||| DROPPING scroll of poison.
  1170 | D:2      | Found a faded altar of an unknown god.
  1264 | D:2      | Reached XP level 4. HP: 26/26 MP: 5/5
  1385 | D:2      | Reached skill level 4 in Ranged Weapons
  1598 | D:2      | 1598 ||| UPGRADING to ring of willpower.
  1599 | D:2      | 1599 ||| READING scroll labelled OMOIT MINUO.
  1621 | D:3      | Reached skill level 1 in Armour
  1635 | D:3      | 1635 ||| FLEEEEING.
  1637 | D:3      | 1637 ||| FLEEEEING.
  1783 | D:3      | Reached XP level 5. HP: 30/30 MP: 6/6
  1839 | D:3      | You fall into a shaft and drop 2 floors!
  1839 | D:5      | Entered Level 5 of the Dungeon
  1840 | D:5      | 1840 ||| DRINKING 2 murky silvery potions.
  1841 | D:5      | 1841 ||| READING 2 scrolls of identify.
  1841 | D:5      | 1841 ||| IDENTIFYING viscous pink potion
  1847 | D:4      | 1847 ||| PLANNING OSSUARY
  1855 | D:4      | Found a staircase to the Ecumenical Temple.
  1938 | D:4      | Noticed Blork the orc
  1944 | D:4      | 1944 ||| STAIRDANCE
  1994 | D:4      | 1994 ||| STAIRDANCE
  2027 | D:4      | 2027 ||| STAIRDANCE
  2055 | D:3      | Reached skill level 5 in Ranged Weapons
  2059 | D:4      | 2059 ||| STAIRDANCE
  2108 | D:4      | 2108 ||| STAIRDANCE
  2135 | D:4      | 2135 ||| STAIRDANCE
  2169 | D:4      | 2169 ||| STAIRDANCE
  2195 | D:4      | 2195 ||| STAIRDANCE
  2224 | D:4      | 2224 ||| STAIRDANCE
  2258 | D:4      | Killed Blork the orc
  2259 | D:4      | Reached skill level 3 in Fighting
  2259 | D:4      | Reached XP level 6. HP: 36/37 MP: 7/7
  2381 | D:4      | HP: 8/37 [gnoll/+0 club (7)]
  2383 | D:4      | Mangled by an ogre

Levels and vault maps discovered:
D:1:      heliophobic_arrival_enchanted_forest, layout_loops_ring,
          minmay_indecisive_spiral
D:2:      layout_basic, hellmonk_ecumenical_altar_blasted, dk_noncrumbling_2,
          dreamdust_wishing_well
D:3:      layout_loops_cross, nicolae_yredelemnul_corpse_copse,
          item_on_display_a
D:4:      layout_rooms, minmay_temple_entry_wispy,
          nicolae_ossuary_entry_catacombs, uniq_blork_the_orc
D:5:      layout_gridville, lemuel_doored_altar, gammafunk_ghost_grave,
          uniq_pikel, uniq_duvessa

Skill      XL: |  1  2  3  4  5 |
---------------+----------------+-----
Ranged Weapons | 3 4 5 |  5.3
Fighting       | 2 3 |  3.4
Armour         | 1 |  1.0
Dodging        | |  1.5
Spellcasting   | |  1.0
Hexes          | |  2.6

Action                     |  1- 3 |  4- 6 || total
---------------------------+-------+-------++-------
   Fire: Sling             |   152 |   179 ||   331
    Use: Scroll            |     3 |     2 ||     5
         Potion            |       |     1 ||     1
 Armour: Robe              |    12 |       ||    12
         Ring mail         |    29 |    68 ||    97
  Dodge: Dodged            |    67 |    65 ||   132

Table legend:
 A = Non-vault XP
 B = Vault XP
 C = Vault XP percentage of total XP
 D = Non-vault monster count
 E = Vault monster count
 F = Vault count percentage of total count
                 A         B        C        D         E       F
            +---------+---------+-------+---------+---------+-------
      Total |     270 |     100 |  27.0 |      62 |       5 |   7.5
            +---------+---------+-------+---------+---------+-------
        D:1 |      30 |       4 |  11.8 |      20 |       4 |  16.7
        D:2 |      64 |       0 |   0.0 |      24 |       0 |   0.0
        D:3 |      89 |       0 |   0.0 |      13 |       0 |   0.0
        D:4 |      87 |      96 |  52.5 |       5 |       1 |  16.7
            +---------+---------+-------+---------+---------+-------
